 Dungeon Crawl Stone Soup version 0.23.2-1-ga50397a6bc (webtiles) character file.

Game seed: 8639743851649203188

912 Mrkan the Grappler (level 7, -1/67 HPs)
             Began as a Troll Monk on May 21, 2019.
             Slain by a gnoll sergeant
             ... wielding a +2 spear of piercing
              (2 damage)
             ... on level 6 of the Dungeon.
             The game lasted 00:09:14 (3288 turns).

Mrkan the Grappler (Troll Monk)                     Turns: 3288, Time: 00:09:15

Health: -1/67      AC:  8    Str: 20    XL:     7   Next: 82%
Magic:  6/6        EV: 10    Int:  6    God:
Gold:   359        SH:  0    Dex: 14    Spells: 6/6 levels left

rFire    . . .     SeeInvis .     - Unarmed
rCold    . . .     Gourm    +   (no shield)
rNeg     . . .     Faith    .   a - +0 robe
rPois    +         Spirit   .   (helmet restricted)
rElec    .         Reflect  .   x - +1 cloak
rCorr    .         Harm     .   (gloves unavailable)
MR       .....                  (boots unavailable)
Stlth    ++........             (no amulet)
HPRegen  0.61/turn              q - ring of poison resistance
MPRegen  0.10/turn              (no ring)

@: no status effects
A: large, unfitting armour, claws 3, fast metabolism 3, gourmand, regeneration
1, shaggy fur 1, tough skin 3
a: no special abilities


You were on level 6 of the Dungeon.
You were very full.

You visited 1 branch of the dungeon, and saw 6 of its levels.

You collected 359 gold pieces.

Inventory:

Hand Weapons
 d - a +1 mace of draining
 t - a +0 blowgun
 y - a +2 flail of draining
Missiles
 m - 4 javelins (quivered)
 s - 10 poisoned needles
Armour
 a - a +0 robe (worn)
 x - a +1 cloak (worn)
Jewellery
 q - a ring of poison resistance (left claw)
Wands
 j - a wand of polymorph (14)
 r - a wand of iceblast (10)
Scrolls
 e - a scroll of random uselessness
 g - a scroll of amnesia
 i - 2 scrolls of immolation
 o - a scroll of teleportation
 p - 2 scrolls of noise
 w - a scroll of fog
Potions
 c - 5 potions of curing
 h - 2 potions of haste
 k - a potion of berserk rage {unknown}
 l - a potion of mutation {unknown}
 n - 2 potions of heal wounds {unknown}
 u - a potion of brilliance {unknown}
 v - 2 potions of degeneration
 A - a potion of agility
 C - 2 potions of might {unknown}
Comestibles
 b - 13 rations
 f - a chunk of flesh


   Skills:
 + Level 3.0 Fighting
 + Level 1.5 Throwing
 - Level 2.4 Dodging
 - Level 1.0 Stealth
 * Level 9.0 Unarmed Combat


You had 6 spell levels left.
You didn't know any spells.
Your spell library contained the following spells:

 Spells                   Type           Power        Failure   Level  Hunger
 Confusing Touch          Hex            #.....       45%         1    ##.....
 Confuse                  Hex            #.......     83%         3    ####...
 Gell's Gravitas          Tloc           #.........   83%         3    ####...
 Petrify                  Tmut/Erth      #.......     99%         4    #####..
 Metabolic Englaciation   Hex/Ice        #.........   100%        5    ######.
 Yara's Violent Unravell  Hex/Tmut       #.........   100%        5    ######.


Dungeon Overview and Level Annotations

Branches:
Dungeon (6/15)
 Temple: D:4-7

Altars:
Dithmenos
Elyvilon
Ru
Trog
Uskayaw
Xom
Yredelemnul
Zin


Innate Abilities, Weirdness & Mutations

You are too large for most types of armour.
You have claws for hands.
Your metabolism is lightning-fast.
You like to eat raw meat.
Your natural rate of healing is unusually fast.
You are covered in fur. (AC +1)
You have extremely tough skin. (AC +3)


Message History

The gnoll hits you from afar with a +0 halberd!
A gnoll comes into view. It is wielding a +0 halberd.
The gnoll sergeant hits you with a +2 spear of piercing!
The gnoll closely misses you. The gnoll barely misses you.
The gnoll moves out of view.
You scratch the gnoll.
The gnoll is moderately wounded.
The gnoll sergeant hits you with a +2 spear of piercing.
The gnoll hits you but does no damage. The gnoll hits you with a +0 halberd!
* * * LOW HITPOINT WARNING * * *
You barely miss the gnoll.
The gnoll is moderately wounded.
The gnoll sergeant hits you with a +2 spear of piercing.
* * * LOW HITPOINT WARNING * * *
x2 The gnoll barely misses you.
The gnoll sergeant hits you from afar with a +2 spear of piercing.
* * * LOW HITPOINT WARNING * * *
x2 The gnoll sergeant hits you from afar with a +2 spear of piercing.
* * * LOW HITPOINT WARNING * * *
You die...

#..## ##.##
####.## #.#..#
#...## #...#
##...##
##.....###
#....#.@.##
##...###.g##
#....###g.#
##.....#..##
##....g....#
#.........##
..##........##
............##
......g(.....#


You could see a gnoll sergeant and a gnoll.

Vanquished Creatures
  A black bear (D:6)
  A phantom (D:6)
  A scorpion (D:4)
  A crimson imp (D:6)
  A quasit (D:6)
  A bullfrog zombie (D:5)
  2 orc priests
  Crazy Yiuf (D:3)
  A jelly (D:5)
  A bullfrog skeleton (D:6)
  Jessica (D:2)
  Ijyb (D:3)
  Terence (D:2)
  3 iguanas
  2 worker ants (D:5)
  Natasha (twice) (D:3)
  A worker ant zombie (D:5)
  6 adders
  3 gnolls (D:4)
  2 oozes
  An adder skeleton (D:5)
  4 worms
  3 leopard geckos
  9 orcs
  2 ball pythons
  2 bats
  2 giant cockroaches
  10 goblins
  4 hobgoblins
  6 jackals
  3 kobolds
  2 quokkas
  A frilled lizard (D:2)
  A quokka skeleton (D:5)
  6 rats
89 creatures vanquished.

Notes
Turn   | Place    | Note
-------+----------+-------------------------------------------
     0 | D:1      | Mrkan the Troll Monk began the quest for the Orb.
     0 | D:1      | Reached XP level 1. HP: 22/22 MP: 0/0
   281 | D:1      | Reached XP level 2. HP: 29/29 MP: 1/1
   610 | D:2      | Noticed Jessica
   615 | D:2      | Killed Jessica
   615 | D:2      | Reached skill level 4 in Unarmed Combat
   615 | D:2      | Reached XP level 3. HP: 36/36 MP: 2/2
   715 | D:2      | Found a faded altar of an unknown god.
   791 | D:2      | Reached XP level 4. HP: 42/44 MP: 3/3
   810 | D:2      | Reached skill level 5 in Unarmed Combat
   838 | D:2      | Noticed Terence
   866 | D:2      | Killed Terence
  1322 | D:3      | Found a bloodstained altar of Trog.
  1451 | D:3      | Found a hide-covered altar of Uskayaw.
  1452 | D:3      | Found a basalt altar of Yredelemnul.
  1481 | D:3      | Reached XP level 5. HP: 49/50 MP: 4/4
  1497 | D:3      | Noticed Ijyb
  1503 | D:3      | Killed Ijyb
  1503 | D:3      | Reached skill level 6 in Unarmed Combat
  1694 | D:3      | Noticed Natasha
  1703 | D:3      | Killed Natasha
  1868 | D:3      | Noticed Natasha
  1876 | D:3      | Killed Natasha
  1893 | D:3      | Found a runed translucent door.
  1894 | D:3      | Noticed Crazy Yiuf
  1967 | D:3      | Killed Crazy Yiuf
  2076 | D:4      | Found a white marble altar of Elyvilon.
  2140 | D:4      | Reached XP level 6. HP: 59/59 MP: 5/5
  2299 | D:4      | Reached skill level 7 in Unarmed Combat
  2609 | D:5      | Entered Level 5 of the Dungeon
  2858 | D:5      | Reached skill level 8 in Unarmed Combat
  2871 | D:5      | Reached XP level 7. HP: 61/66 MP: 6/6
  3103 | D:6      | Found a shadowy altar of Dithmenos.
  3119 | D:6      | Found a sacrificial altar of Ru.
  3132 | D:6      | Found a shimmering altar of Xom.
  3135 | D:6      | Found a glowing silver altar of Zin.
  3204 | D:6      | Reached skill level 1 in Throwing
  3283 | D:6      | Reached skill level 9 in Unarmed Combat
  3288 | D:6      | HP: 1/67 [gnoll sergeant/+2 spear of piercing (4)]
  3288 | D:6      | Slain by a gnoll sergeant

Skill      XL: |  1  2  3  4  5  6  7 |
---------------+----------------------+-----
Unarmed Combat | 4 5 6 8 9 |  9.0
Throwing       | 1 |  1.5
Fighting       | 3 |  3.0
Dodging        | |  2.4
Stealth        | |  1.0

Action                   |  1- 3 |  4- 6 |  7- 9 || total
-------------------------+-------+-------+-------++-------
Melee: Unarmed           |    50 |   150 |    56 ||   256
       Punch             |       |     3 |     4 ||     7
  Use: Scroll            |       |     4 |     9 ||    13
 Stab: Sleeping          |       |     4 |       ||     4
       Confused          |       |     1 |       ||     1
  Eat: Chunk             |    13 |    17 |     5 ||    35
Armor: Robe              |    14 |    40 |    44 ||    98
       Skin              |       |     1 |       ||     1
Dodge: Dodged            |    23 |    65 |    50 ||   138
